 Dungeon Crawl Stone Soup version 0.30-a0-170-g85af917532 (webtiles) character file.

Game seed: 11622435026325984608

93 Hubris850 the Shooter (level 4, -2/25 HPs)
             Began as a Deep Elf Hunter on Sept 30, 2022.
             Slain by Sigmund
             ... wielding a +0 scythe
              (10 damage)
             ... on level 3 of the Dungeon.
             The game lasted 00:06:39 (2589 turns).

Hubris850 the Shooter (Deep Elf Hunter)             Turns: 2589, Time: 00:06:40

Health: -2/25      AC:  4    Str:  8    XL:     4   Next: 37%
Magic:  9/9        EV: 14    Int: 14    God:
Gold:   174        SH:  0    Dex: 26    Spells: 6/8 levels left

rFire   . . .      SeeInvis .    b - +8 spear of Sudden Death {elec, Dex+6}
rCold   . . .      Faith    .    (no shield)
rNeg    . . .      Spirit   .    c - +0 leather armour
rPois   .          Reflect  .    (no helmet)
rElec   .          Harm     .    (no cloak)
rCorr   +          Rampage  .    (no gloves)
Will    .....                    l - +0 pair of boots
Stlth   +++.......               (no amulet)
HPRegen 0.08/turn                g - ring of resist corrosion
MPRegen 0.11/turn                (no ring)

@: no status effects
A: no striking features
a: no special abilities


You were on level 3 of the Dungeon.
You visited 1 branch of the dungeon, and saw 3 of its levels.

You collected 174 gold pieces.

Inventory:

Hand Weapons
 a - a +0 shortbow
 b - the +8 spear of Sudden Death (weapon) {elec, Dex+6}
   (You found it on level 3 of the Dungeon)

   It occasionally discharges a powerful burst of electricity upon striking a
   foe.
   Dex:       It affects your dexterity (+6).
 d - a +0 eveningstar
Armour
 c - a +0 leather armour (worn)
 l - a +0 pair of boots (worn)
Magical Staves
 h - a staff of fire
Jewellery
 g - a ring of resist corrosion (left hand)
Scrolls
 f - a scroll of noise {unknown}
 j - a scroll of silence {unknown}
 k - a scroll of poison {unknown}
 n - a scroll of fear {unknown}
 o - a scroll of magic mapping {unknown}
 p - 4 scrolls of teleportation {unknown}
 q - 3 scrolls of identify {unknown}
 s - a scroll of amnesia {unknown}
 u - a scroll of immolation
 v - a scroll of torment {unknown}
 x - a scroll of fog {unknown}
Potions
 e - 2 potions of degeneration {unknown}
 i - 2 potions of lignification {unknown}
 m - 3 potions of haste {unknown}
 r - a potion of ambrosia {unknown}
 t - 2 potions of brilliance {unknown}
 w - a potion of cancellation {unknown}


   Skills:
 - Level 1.5 Fighting
 + Level 6.0 Ranged Weapons
 + Level 3.5 Dodging
 + Level 2.8 Stealth
 + Level 2.6 Spellcasting


You had 6 spell levels left.
You knew the following spells:

 Your Spells              Type           Power      Damage    Failure   Level
a - Poisonous Vapours     Pois/Air       2%         N/A       45%         2

Your spell library contained the following spells:

 Spells                   Type           Power      Damage    Failure   Level
 Kiss of Death            Conj/Necr      4%         2d5       32%         1
 Sting                    Tmut/Pois      4%         1d3       32%         1
 Cigotuvi's Dreadful Rot  Necr/Pois/Air  2%         N/A       45%         2
 Confusing Touch          Hex            1%         N/A       69%         3
 Dispel Undead            Necr           1%         3d6       97%         4
 Olgreb's Toxic Radiance  Pois           1%         N/A       97%         4
 Death Channel            Necr           0%         N/A       100%        6


Dungeon Overview and Level Annotations

Branches:
Dungeon (3/15)

Altars:
Qazlal
Wu Jian

Annotations:
D:3 Sigmund


Message History

You shoot an arrow. The arrow hits the ball python!
You kill the ball python!
Found a large rock and 6 stones.
Found 3 stones.
Sigmund the Dreaded comes into view.
He is wielding a +0 scythe.
You shoot an arrow. The arrow hits Sigmund.
Sigmund shouts!
Sigmund is moderately wounded.
Sigmund moves out of view.
Sigmund casts a spell.
Sigmund flickers and vanishes!
Deactivating autopickup; reactivate with Ctrl-A.
Fire: a) +0 shortbow
Press: ? - help, Q - select action Shift-Dir - straight line You shoot an arrow.
You are confused.
You bump into the rock wall.
A puff of flame appears from out of thin air!
The puff of flame hits you!
You bump into the rock wall.
You bump into the rock wall.
You feel less confused.
Fire: a) +0 shortbow
Press: ? - help, Q - select action Shift-Dir - straight line You shoot an arrow.
Something hits you but does no damage.
You feel agile.
You hear the crackle of electricity.
b - the +8 spear of Sudden Death (weapon)
{elec, Dex+6} Reach: b) +8 spear of Sudden Death {elec, Dex+6}
Press: ? - help, Dir - move target You reach to attack!
You barely miss something.
You hear some strange, mumbled words.
Something tries to affect you, but you resist.
Something hits you!
You hit something. You miss something. Something hits you but does no damage.
You miss something. Something barely misses you.
You hit something. Something hits you!
You die...

###### .....## §.....# .#....#
##########
^^^§(.##################.........
.#≈#§..........{@......'...^.....
≈.{§≈.##################.........
......# #......... ≈.≈.≈#########
#......... ≈.^..#.......########
#......... ≈^...#.#####.##....<#
#......†.. .#^.≈#...# #.##.#####
#......... ^.....##.# #....#
#......... ......# .# ######
#########.


There were no monsters in sight!

Vanquished Creatures
  Natasha (D:3)
  An adder (D:2)
  4 orcs (D:3)
  4 bats
  3 endoplasms
  A giant cockroach (D:1)
  6 goblins
  4 hobgoblins
  4 quokkas
  7 ball pythons
  5 frilled lizards
  5 kobolds
  11 rats
56 creatures vanquished.

Vanquished Creatures (others)
  2 plants (D:1)
2 creatures vanquished.

Grand Total: 58 creatures vanquished

Notes
Turn   | Place    | Note
-------+----------+-------------------------------------------
     0 | D:1      | Hubris850 the Deep Elf Hunter began the quest for the Orb.
     0 | D:1      | Reached XP level 1. HP: 12/12 MP: 3/3
   326 | D:1      | Reached skill level 1 in Spellcasting
   326 | D:1      | Reached XP level 2. HP: 16/16 MP: 5/5
   546 | D:1      | Learned a level 2 spell: Poisonous Vapours
  1584 | D:2      | Found a faded altar of an unknown god.
  1608 | D:2      | Reached XP level 3. HP: 20/20 MP: 7/7
  1618 | D:2      | You fall into a shaft and drop 1 floor!
  1659 | D:3      | Identified the +8 spear of Sudden Death {elec, Dex+6}
  1954 | D:2      | Found an ornate altar of the Wu Jian Council.
  2132 | D:3      | Found a stormy altar of Qazlal.
  2426 | D:3      | Reached XP level 4. HP: 25/25 MP: 9/9
  2452 | D:3      | Noticed Natasha
  2459 | D:3      | Killed Natasha
  2460 | D:3      | Reached skill level 6 in Ranged Weapons
  2562 | D:3      | Noticed Sigmund
  2589 | D:3      | Slain by Sigmund

Illustrated notes

Levels and vault maps discovered:
D:1:      dpeg_arrival_ternary, layout_loops_ring, serial_forest,
          infiniplex_forest_lined_room_, infiniplex_forest_zigzag_2,
          infiniplex_forest_zigzag_1, infiniplex_forest_lined_3,
          infiniplex_forest_clump_small, kennysheep_flooded_box, minivault_5,
          hangedman_glass_teeth, minivault_5, minmay_pentomino_q4
D:2:      layout_loops_ring, ebering_ecumenical_altar_rust, basic_altar
D:3:      layout_basic, grunt_qazlal_sundering, uniq_sigmund, uniq_natasha

Skill      XL: |  1  2  3  4 |
---------------+-------------+-----
Spellcasting   | 1 2 |  2.6
Stealth        | 2 |  2.8
Dodging        | 3 |  3.5
Ranged Weapons | 6 |  6.0
Fighting       | |  1.5

Action                   |  1- 3 |  4- 6 || total
-------------------------+-------+-------++-------
Melee: Spear             |    14 |     6 ||    20
 Fire: Shortbow          |   114 |     9 ||   123
Armor: Leather armour    |    12 |     2 ||    14
Dodge: Dodged            |    31 |     1 ||    32

Table legend: (Time is in decaauts)
 A = Elapsed time spent in this place.
 B = Non-inter-level travel time spent in this place.
 C = Inter-level travel time spent in this place.
 D = Time resting spent in this place.
 E = Time spent auto-exploring this place.
 F = Levels seen in this place.
 G = Mean time per level.
                   A        B        C        D        E       F      G
               +--------+--------+--------+--------+--------+-----+--------+
         Total |   2616 |   2600 |     16 |    342 |   1864 |   3 |  872.0 |
       Dungeon |   2616 |   2600 |     16 |    342 |   1864 |   3 |  872.0 |
               +--------+--------+--------+--------+--------+-----+--------+

Top non-repeatable levels by time:
     D:1: 1531 daAuts
     D:3: 548 daAuts
     D:2: 536 daAuts
